cohdb
Replays
Latest Replays
All Replays
Popular Replays
Top Player Replays
Match Explorer
How It Works
Community
CoH3 Stats
Reddit
Sign in to upload your games and track your stats! →
Sign in with Steam
Match 42750803
Unlisted
Match 42750803
Overview
Messages
Build Orders
End
Royal Engineer Section
Construct Section Command Post
Dingo Light Scout Car
Selects Australian Defense Battlegroup
Selects Australian Light Infantry Section
Infantry Section
Australian Light Infantry Section
Selects 2-pounder Anti-tank Gun Team
Infantry Section
Construct Platoon Command Post
Humber Armored Car
Selects 2-pounder Anti-tank Gun Team
Royal Engineer Section
Construct Field Infirmary
2-pounder Anti-tank Gun Team
Vickers Machine Gun Team
Infantry Training
Selects Vehicle Over Repair
Construct Company Command Post
MuffinMan
只愛❤毛妹
0
0
Comments
sign in to comment!
No comments posted yet!